 Dungeon Crawl Stone Soup version 0.21-a0-518-g43a1781 (webtiles) character file.

63932 Gerstahl the Prestidigitator (level 14, -1/113 HPs)
             Began as a Demonspawn Gladiator on Dec 5, 2017.
             Was a High Priest of Ashenzari.
             Slain by an ice devil (12 damage)
             ... summoned by an orc high priest
             ... on level 2 of the Orcish Mines.
             The game lasted 01:02:44 (20160 turns).

Gerstahl the Prestidigitator (DsGl)                Turns: 20160, Time: 01:02:44

Health: -1/113     AC:  5    Str: 18    XL:     14   Next: 69%
Magic:  0/23       EV: 23    Int:  9    God:    Ashenzari [*****.]
Gold:   1481       SH:  0    Dex: 20    Spells: 3/13 levels left

rFire    . . .     SeeInvis +   a - +5 quarterstaff (curse)
rCold    . . .     Gourm    .   (shield currently unavailable)
rNeg     . . .     Faith    .   k - +0 leather armour of Syuschism {Regen+ Str+3} (curse)
rPois    .         Spirit   +   (helmet restricted)
rElec    .         Reflect  .   (no cloak)
rCorr    .         Harm     .   e - +1 pair of gloves
MR       ++...     Clarity  +   (no boots)
Stlth    ++........             w - amulet of regeneration (curse)
HPRegen  1.08/turn              h - +3 ring of protection (curse)
MPRegen  0.36/turn              m - +2 ring of evasion

@: lethally poisoned (-1 -> -2), about to teleport, corroded, studying 3 skills,
drained
A: horns 2, clarity, foul stench 1, magic resistance 1, magic shield, magic
regeneration, rot immunity, sturdy frame 1
a: Curse Item, Scrying, Transfer Knowledge, Renounce Religion


You were on level 2 of the Orcish Mines.
You worshipped Ashenzari.
Ashenzari was extremely pleased with you.
You were very hungry.

You visited 4 branches of the dungeon, and saw 20 of its levels.
You also visited: Labyrinth and Ice Cave.

You collected 1559 gold pieces.
You spent 78 gold pieces at shops.

Inventory:

Hand Weapons
 a - a cursed +5 quarterstaff (weapon)
Armour
 e - a +1 pair of gloves (worn)
 k - the cursed +0 leather armour of Syuschism (worn) {Regen+ Str+3}
   (You found it on level 7 of the Dungeon)

   It affects your strength (+3).
   It increases your rate of regeneration.
   It has a curse placed upon it.
 o - a +3 leather armour of fire resistance
 t - the +0 robe "Fiogiuk" {-Cast rPois rF+ rC+}
   (You took it off a minotaur in a labyrinth)

   It protects you from fire.
   It protects you from cold.
   It protects you from poison.
   It prevents spellcasting.
 G - the cursed +1 ring mail of Classification {rCorr Str+3 Int-5}
   (You found it on level 8 of the Dungeon)

   It affects your strength (+3).
   It affects your intelligence (-5).
   It protects you from acid and corrosion.
   It has a curse placed upon it.
 W - the cursed +0 scale mail "Etefawk" {+Blink Int+4}
   (You found it on level 5 of the Lair of Beasts)

   It affects your intelligence (+4).
   It lets you blink.
   It has a curse placed upon it.
Magical Staves
 I - an uncursed staff of power
Jewellery
 h - a cursed +3 ring of protection (left hand)
 m - a +2 ring of evasion (right hand)
 w - a cursed amulet of regeneration (around neck)
Wands
 b - a wand of enslavement (11)
 u - a wand of iceblast (3)
 v - a wand of flame (108)
 E - a wand of acid (1)
 P - a wand of scattershot (6)
 X - a wand of digging (20)
Scrolls
 c - 2 scrolls of enchant weapon
 l - 3 scrolls of fog
 s - 3 scrolls of amnesia {unknown}
 x - a scroll of brand weapon {unknown}
 y - 2 scrolls of fear
 z - 7 scrolls of magic mapping
 B - 17 scrolls of identify
 J - 4 scrolls of teleportation
 M - 2 scrolls of remove curse
 R - a scroll of silence {unknown}
Potions
 j - 2 potions of curing
 q - 2 potions of resistance
 r - a potion of flight {unknown}
 N - a potion of magic
 O - a potion of brilliance {unknown}
 Q - a potion of agility {unknown}
 Z - a potion of berserk rage
Books
 d - a book of Minor Magic

   Spells                             Type                      Level
   a - Magic Dart                     Conjuration                  1
   b - Blink                          Translocation                2
   c - Call Imp                       Summoning                    2
   d - Slow                           Hexes                        2
   e - Conjure Flame                  Conjuration/Fire             3
   f - Mephitic Cloud                 Conjuration/Poison/Air       3
 p - a manual of Hexes
 C - a book of Minor Magic

   Spells                             Type                      Level
   a - Magic Dart                     Conjuration                  1
   b - Blink                          Translocation                2
   c - Call Imp                       Summoning                    2
   d - Slow                           Hexes                        2
   e - Conjure Flame                  Conjuration/Fire             3
   f - Mephitic Cloud                 Conjuration/Poison/Air       3
 H - a manual of Evocations
 L - a manual of Air Magic
Miscellaneous
 A - a lightning rod (4/4)
Comestibles
 f - 12 bread rations
 g - 18 fruits
 i - 11 meat rations
 n - 2 royal jellies


   Skills:
 - Level 11.3(10.8) Fighting
 + Level 10.8(15.1) Staves
 - Level 1.7(1.3) Throwing
 - Level 11.2(10.7) Armour
 + Level 11.6(11.1) Dodging
 + Level 4.0(6.0) Hexes
 + Level 1.0(2.1) Air Magic
 - Level 12.0(13.8) Evocations


You had 3 spell levels left.
You knew the following spells:

 Your Spells              Type           Power        Failure   Level  Hunger
a - Leda's Liquefaction   Hex/Erth       #.........   75%         4    #####..
b - Confuse               Hex            ##......     11%         3    ####...
c - Mephitic Cloud        Conj/Pois/Air  #.......     67%         3    ####...


Dungeon Overview and Level Annotations

Branches:
Dungeon (11/15)            Temple (1/1) D:5            Lair (6/6) D:9
  Swamp (0/4) Lair:3       Spider (0/4) Lair:2        Slime (0/5) Lair:6
    Orc (2/2) D:9             Elf (0/3) Orc:2

Altars:
Ashenzari
Cheibriados
Dithmenos
Elyvilon
Fedhas
Gozag
Hepliaklqana
Kikubaaqudgha
Makhleb
Nemelex Xobeh
Okawaru
Qazlal
Ru
Sif Muna
Trog
Uskayaw
Vehumet
Wu Jian
Xom
Yredelemnul
Zin
The Shining One
Jiyva

Shops:
Orc:1 [[=*[

Annotations:
Orc:2 Maurice


Innate Abilities, Weirdness & Mutations

You have a pair of horns on your head.
You may emit foul miasma when damaged in melee.
When hurt, damage is shared between your health and your magic reserves.
You regenerate magic rapidly.
You are immune to rotting.
Your movements are slightly less encumbered by armour. (ER -2)
You possess an exceptional clarity of mind.
You are resistant to hostile enchantments. (MR+)


Message History

The bolt of negative energy hits you!
You feel drained.
* * * LOW HITPOINT WARNING * * *
The rust devil closely misses you. The orc wizard barely misses you.
An orc sorcerer comes into view. It is wielding a dagger.
The orc sorcerer shouts!
You sock the orc sorcerer!
You kill the orc sorcerer!
The red devil disappears in a puff of smoke!
The rust devil disappears in a puff of smoke!
Your base Hexes skill increases to level 4!
Your base Air Magic skill increases to level 1!
You feel sick.
The orc wizard gestures wildly while chanting.
The orc wizard blinks!
Maurice misses you.
The orc wizard casts a spell.
The orc wizard blinks!
The orc wizard completely misses you.
You feel sick. Maurice barely misses you. The ice devil hits you!
* * * LOW HITPOINT WARNING * * *
The ice devil freezes you!
You die...

.......#.# #...###.......#......
.(......######.####..............
##.........#### ##...............
#..........# ##...#############
##(........# #...## ,, ,,{,, ,
##........## #..## , ,{, ,
#..........# #o.#,,,,{, *
###......#..# #@§# *, ,
##.......#.## #@o#,, ,
#......##### #4.#{{{, * ,, **
......## #o§#{{* ,*,, ,,* .....##
#3oo{{# ,* *, * ....#<# #..oo.#,
,,∩ ,, ..##### #.§...#*{{, ∩* ,,
).#..## #..#o.# ,, , , ).....###
#.{#.oo, * ,* *, ).......#
#..#....,*,, , *


You could see a soul eater, Maurice, an orc high priest, an ice devil, an orc
sorcerer, an orc warrior, 2 orc priests and 5 orc wizards.

Vanquished Creatures
  A frost giant (IceCv)
  An orc warlord (Orc:1)
  Nessos (Lair:4)
  A minotaur (Lab)
  Josephine (Lair:4)
  5 hydras
  3 catoblepae (Lair:6)
  3 two-headed ogres
  7 death yaks (Lair:6)
  The ghost of Gerstahl the Twirler, a novice DsGl of Ashenzari (D:7)
  Nergalle (Lair:4)
  An unseen horror (D:10)
  An ugly thing (D:8)
  3 orc knights
  2 deep elf magi (Orc:2)
  2 orc sorcerers
  3 manticores
  A torpor snail (Lair:4)
  An ice statue (IceCv)
  13 spiny frogs
  A centaur skeleton (D:10)
  7 rime drakes
  6 komodo dragons
  A jumping spider (Lair:2)
  15 polar bears
  5 trolls
  13 blink frogs
  5 hippogriffs
  12 dream sheep
  3 wraiths (Lair:4)
  A spriggan (D:7)
  A wyvern (Lair:3)
  A basilisk (Lair:3)
  57 yaks
  A vampire mosquito (D:10)
  A hungry ghost (D:10)
  4 wargs
  3 swamp worms (Lair:3)
  13 water moccasins
  8 porcupines
  A swamp drake (Orc:2)
  2 hornet zombies
  17 orc warriors
  5 black bears
  4 phantoms
  3 eyes of draining
  11 ogres
  27 wolves
  3 centaurs
  12 crocodiles
  A big kobold (D:7)
  16 bullfrogs
  A gnoll sergeant (D:10)
  4 scorpions
  9 killer bees
  5 electric eels
  6 howler monkeys
  7 crimson imps
  2 centaur zombies (D:10)
  A bullfrog skeleton (D:4)
  A bullfrog zombie (D:8)
  20 orc priests
  A hound (D:10)
  5 jellies
  22 orc wizards
  An iguana (D:5)
  An iron imp (Orc:2)
  6 worker ants
  A hound zombie (D:10)
  A hound skeleton (D:4)
  2 worker ant zombies
  A howler monkey zombie (D:8)
  4 gnolls (D:6)
  13 adders
  2 shadow imps
  A white imp (Orc:2)
  3 oozes
  An adder skeleton (D:4)
  4 worms
  A dart slug (D:1)
  5 leopard geckos
  90 orcs
  5 bats
  4 giant cockroaches
  15 goblins
  12 hobgoblins
  3 jackals (D:1)
  10 kobolds
  7 quokkas
  2 ball pythons
  5 frilled lizards
  A giant cockroach zombie (D:5)
  A jackal zombie (D:5)
  3 quokka zombies
  8 rats
  A spectral orc (D:5)
  A butterfly (Lair:6)
  A fungus (Lair:4)
  5 plants (Lair:1)
617 creatures vanquished.

Vanquished Creatures (others)
  A bush (Lair:1)
  3 fungi
  6 plants
10 creatures vanquished.

Grand Total: 627 creatures vanquished

Notes
Turn   | Place    | Note
-------+----------+-------------------------------------------
     0 | D:1      | Gerstahl the Demonspawn Gladiator began the quest for the Orb.
     0 | D:1      | Reached XP level 1. HP: 16/16 MP: 1/1
   248 | D:1      | Gained mutation: You are immune to rotting. [demonic ancestry]
   248 | D:1      | Reached XP level 2. HP: 23/23 MP: 2/2
   388 | D:1      | Gained mutation: You may emit foul miasma when damaged in melee. [demonic ancestry]
   388 | D:1      | Reached XP level 3. HP: 15/28 MP: 3/3
   978 | D:2      | Found a burning altar of Makhleb.
  1384 | D:2      | Gained mutation: You have a pair of small horns on your head. [demonic ancestry]
  1384 | D:2      | Reached XP level 4. HP: 30/35 MP: 4/4
  1603 | D:2      | Found a sparkling altar of Nemelex Xobeh.
  1878 | D:3      | Reached XP level 5. HP: 42/42 MP: 5/5
  2283 | D:3      | Found a faded altar of an unknown god.
  2295 | D:3      | Found a bloodstained altar of Trog.
  2905 | D:4      | Noticed a phantom
  3448 | D:4      | Reached XP level 6. HP: 22/49 MP: 6/6
  4158 | D:4      | Reached skill level 5 in Staves
  4164 | D:4      | Found a shadowy altar of Dithmenos.
  4244 | D:4      | Reached skill level 5 in Fighting
  4396 | D:5      | Entered Level 5 of the Dungeon
  4446 | D:5      | Found an iron altar of Okawaru.
  4631 | D:5      | Got a polished falchion
  4662 | D:5      | Reached skill level 1 in Armour
  4662 | D:5      | Reached XP level 7. HP: 35/56 MP: 7/7
  4774 | D:5      | Identified the cursed +2 falchion "Teqeejex" {slice, Str+7} (You found it on level 5 of the Dungeon)
  4855 | D:5      | Found a sparkling altar of Nemelex Xobeh.
  5135 | D:5      | Found a staircase to the Ecumenical Temple.
  5149 | Temple   | Entered the Ecumenical Temple
  5341 | Temple   | Became a worshipper of Ashenzari the Shackled
  5686 | D:5      | Gained mutation: When hurt, damage is shared between your health and your magic reserves. [demonic ancestry]
  5686 | D:5      | Reached XP level 8. HP: 56/64 MP: 8/8
  5939 | D:5      | Found a basalt altar of Yredelemnul.
  6223 | D:6      | Reached skill level 1 in Evocations
  6499 | D:6      | Reached skill level 2 in Evocations
  6511 | D:6      | HP: 3/64 [killer bee (1)]
  6512 | D:6      | HP: 1/64 [killer bee (1)]
  6778 | D:6      | Reached skill level 5 in Dodging
  6803 | D:6      | Reached skill level 3 in Evocations
  7357 | D:7      | Noticed Gerstahl's ghost (novice DsGl)
  7477 | D:7      | Reached XP level 9. HP: 69/69 MP: 11/11
  7512 | D:7      | Found a stormy altar of Qazlal.
  7613 | D:7      | Reached skill level 4 in Evocations
  7633 | D:7      | Killed Gerstahl's ghost
  7633 | D:7      | Reached skill level 5 in Armour
  7716 | D:7      | Reached skill level 5 in Evocations
  7743 | D:7      | Got the cursed leather armour of Syuschism {Regen+ Str+3}
  7754 | D:7      | Identified the cursed +0 leather armour of Syuschism {Regen+ Str+3} (You found it on level 7 of the Dungeon)
  8028 | D:8      | Reached * piety under Ashenzari
  8076 | D:8      | Found a radiant altar of Vehumet.
  8076 | D:8      | Found a glowing golden altar of the Shining One.
  8193 | D:8      | Found a hazy altar of Hepliaklqana.
  8308 | D:8      | Noticed a two-headed ogre
  8319 | D:8      | Killed a two-headed ogre
  8319 | D:8      | Reached skill level 6 in Evocations
  8319 | D:8      | Gained mutation: You have a pair of horns on your head. [demonic ancestry]
  8319 | D:8      | Reached XP level 10. HP: 45/76 MP: 7/14
  8384 | D:8      | Identified the cursed +1 ring mail of Classification {rCorr Str+3 Int-5}
  8398 | D:8      | Noticed a purple ugly thing
  8424 | D:8      | Killed a purple ugly thing
  8504 | D:8      | Noticed a manticore
  8551 | D:8      | Killed a manticore
  9258 | D:9      | Reached skill level 7 in Evocations
  9286 | D:9      | Found a staircase to the Orcish Mines.
  9560 | D:9      | Found a staircase to the Lair.
  9769 | D:10     | Entered Level 10 of the Dungeon
  9816 | D:10     | Noticed a two-headed ogre
  9826 | D:10     | Killed a two-headed ogre
  9826 | D:10     | Gained mutation: You regenerate magic rapidly. [demonic ancestry]
  9826 | D:10     | Reached XP level 11. HP: 83/83 MP: 16/16
 10184 | D:10     | Noticed an eight-headed hydra
 10186 | D:10     | Noticed a two-headed ogre
 10208 | D:10     | Killed a two-headed ogre
 10208 | D:10     | Reached skill level 8 in Evocations
 10209 | D:10     | Killed an eight-headed hydra
 10406 | D:10     | Killed an unseen horror
 10435 | D:10     | Noticed an orc knight
 10532 | D:10     | Killed an orc knight
 10532 | D:10     | Identified the cursed ring "Taih" {Int+3 Dex-5} (You took it off an orc knight on level 10 of the Dungeon)
 10973 | D:11     | Found a frozen archway.
 11011 | IceCv    | Entered an ice cave
 11339 | IceCv    | Gained mutation: Your mind is acute. (Int +2) [potion of mutation]
 11339 | IceCv    | Gained mutation: You have very sharp teeth. [potion of mutation]
 11339 | IceCv    | Gained mutation: Your mind is very acute. (Int +4) [potion of mutation]
 11340 | IceCv    | Lost mutation: Your mind is very acute. (Int +4) [potion of mutation]
 11340 | IceCv    | Lost mutation: Your mind is acute. (Int +2) [potion of mutation]
 11340 | IceCv    | Lost mutation: You have very sharp teeth. [potion of mutation]
 11340 | IceCv    | Gained mutation: You possess an exceptional clarity of mind. [potion of mutation]
 11340 | IceCv    | Gained mutation: You are resistant to hostile enchantments. (MR+) [potion of mutation]
 11436 | IceCv    | Reached XP level 12. HP: 93/93 MP: 18/18
 11465 | IceCv    | Reached skill level 9 in Evocations
 11654 | IceCv    | Noticed a frost giant
 11668 | IceCv    | Killed a frost giant
 11797 | IceCv    | Found the +7 great mace "Firestarter" {inner flame, rF++}
 12013 | Lair:1   | Entered Level 1 of the Lair of Beasts
 12109 | Lair:1   | Reached ** piety under Ashenzari
 12238 | Lair:1   | Noticed a five-headed hydra
 12246 | Lair:1   | Killed a five-headed hydra
 13268 | Lair:2   | Found a labyrinth entrance.
 13272 | Lab      | Entered a labyrinth
 13539 | Lab      | Noticed a minotaur
 13544 | Lab      | Killed a minotaur
 13544 | Lab      | Identified the +0 robe "Fiogiuk" {-Cast rPois rF+ rC+} (You took it off a minotaur in a labyrinth)
 13544 | Lab      | Reached skill level 10 in Dodging
 13683 | Lair:2   | Reached skill level 10 in Evocations
 13803 | Lair:2   | Reached *** piety under Ashenzari
 13903 | Lair:2   | Found a hole to the Spider Nest.
 13988 | Lair:2   | Reached XP level 13. HP: 92/101 MP: 17/20
 14697 | Lair:3   | Reached **** piety under Ashenzari
 15146 | Lair:3   | Found a staircase to the Swamp.
 15532 | Lair:4   | Reached skill level 10 in Armour
 15549 | Lair:4   | Noticed Nessos
 15561 | Lair:4   | Killed Nessos
 15733 | Lair:4   | Reached skill level 10 in Fighting
 15867 | Lair:4   | Noticed Nergalle
 15900 | Lair:4   | Killed Nergalle
 15963 | Lair:4   | Noticed Josephine
 15971 | Lair:4   | Killed Josephine
 16632 | Lair:5   | Reached skill level 10 in Staves
 16649 | Lair:5   | Reached skill level 11 in Evocations
 16702 | Lair:5   | Reached ***** piety under Ashenzari
 16993 | Lair:5   | Identified the cursed +0 scale mail "Etefawk" {+Blink Int+4}
 17208 | Lair:6   | Entered Level 6 of the Lair of Beasts
 17221 | Lair:6   | Found a viscous altar of Jiyva.
 17221 | Lair:6   | Found a staircase to the Slime Pits.
 17471 | Lair:6   | Gained mutation: Your movements are slightly less encumbered by armour. (ER -2) [demonic ancestry]
 17471 | Lair:6   | Reached XP level 14. HP: 91/111 MP: 18/22
 18300 | Lair:6   | Reached skill level 1 in Hexes
 18672 | Lair:1   | Learned a level 4 spell: Leda's Liquefaction
 18676 | Lair:1   | Learned a level 3 spell: Confuse
 18697 | Orc:1    | Entered Level 1 of the Orcish Mines
 18697 | Orc:1    | Found Hischahue's Jewellery Shop.
 18697 | Orc:1    | Noticed an orc warlord
 18698 | Orc:1    | Found Moqeh's Armour Boutique.
 18713 | Orc:1    | Found Ruynalui's Armour Shop.
 18944 | Orc:1    | Killed an orc warlord
 19040 | Orc:1    | Found Fiom's Armour Shoppe.
 19067 | Orc:1    | Found a radiant altar of Vehumet.
 19107 | Orc:1    | HP: 2/113 [orc knight/great sword (20)]
 19377 | Orc:1    | Found Uruheh's Assorted Antiques.
 19386 | Orc:1    | Bought a scroll of remove curse for 78 gold pieces
 19627 | Orc:2    | Entered Level 2 of the Orcish Mines
 19743 | Orc:2    | Found a staircase to the Elven Halls.
 19817 | Orc:2    | Reached skill level 12 in Evocations
 19842 | Orc:2    | Learned a level 3 spell: Mephitic Cloud
 20127 | Orc:2    | Noticed Maurice
 20159 | Orc:2    | Reached skill level 1 in Air Magic
 20160 | Orc:2    | Slain by an ice devil

Vault maps used:
D:1:      minmay_arrival_jagged
D:2:      old_standard_altar, nemelex_xobeh_ov_fountains_minmay
D:3:      first_bread, chequers_ecumenical_altar_twisty, bloody_trog
D:4:      nicolae_dithmenos_through_a_glass_darkly
D:5:      yredelemnul_forgotten_temple_becter, okawaru_ov_weapons_minmay,
          minmay_temple_entry_glassed_door, grunt_decor_one_mirror,
          nemelex_diamond_rough_becter
D:7:      kennysheep_little_box, the_bakery, kennysheep_generic_room_5
D:8:      minmay_diamond_stairs, gammafunk_temple_overflow_elements,
          lemuel_round_altar
D:9:      erik_lair_orcish_takeover, orc_0_dummy, evilmike_minifort
D:10:     minmay_the_grid_2x2
D:11:     portal_ice_cave_rime, solitary_fountain
Temple:   nicolae_temple_figure_eight
Lair:1:   st_stairs_13, serial_bayou_ford_a, wad_woods_06, grunt_megastairs_5,
          serial_bayou_shore_b
Lair:2:   spider_nest_entry_rubble, lab_entry_generic, ldierk_geyser
Lair:3:   nicolae_swamp_entry_splash_gauntlet
Lair:4:   uniq_nergalle, uniq_nessos, uniq_josephine
Lair:5:   minmay_lair_drake_nest
Lair:6:   evilmike_catoblepas_cave, slime_altar_1, minivault_23,
          lemuel_fruit_fields
Orc:1:    serial_shops, nicolae_shop_trees, nicolae_shop_waterfront,
          shop_statue, nicolae_shop_statue_plus, shop, basic_altar,
          statue_in_the_mist_lemuel, nicolae_orc_lava_room
Orc:2:    st_orc_mages, hangedman_minor_magic, uniq_maurice, uniq_donald
Lab:      labyrinth_green, nicolae_lab_grate
IceCv:    ice_cave_small_giant

Skill      XL: |  1  2  3  4  5  6  7  8  9 10 11 12 13 14 |
---------------+-------------------------------------------+-----
Staves         | 3 4 5 6 8 9 10 | 10.8
Fighting       | 3 4 5 6 8 9 10 11 | 11.3
Armour         | 1 2 4 6 7 8 9 10 11 | 11.2
Dodging        | 3 5 7 8 9 10 11 | 11.6
Evocations     | 3 6 7 8 10 11 12 | 12.0
Hexes          | 4 |  4.0
Air Magic      | 1 |  1.0
Throwing       | |  1.7

Action                   |  1- 3 |  4- 6 |  7- 9 | 10-12 | 13-15 || total
-------------------------+-------+-------+-------+-------+-------++-------
Melee: Quarterstaff      |   134 |   259 |   345 |   738 |  1020 ||  2496
       Headbutt          |       |    42 |    77 |   220 |   293 ||   632
       Falchion          |       |       |    25 |       |       ||    25
       Staff             |       |       |       |    26 |       ||    26
Throw: Throwing net      |       |     4 |     1 |     3 |       ||     8
Invok: Curse Item        |       |       |       |     3 |       ||     3
Evoke: Wand              |       |       |    14 |    40 |    15 ||    69
       Lightning rod     |       |       |       |     4 |     3 ||     7
  Use: Potion            |       |     4 |     4 |     8 |     2 ||    18
       Scroll            |       |     2 |     8 |     7 |     3 ||    20
 Stab: Sleeping          |       |     1 |     5 |     1 |     2 ||     9
       Held in net/web   |       |     1 |     1 |     3 |       ||     5
       Petrified         |       |       |       |       |     5 ||     5
       Petrifying        |       |       |       |       |     1 ||     1
  Eat: Chunk             |       |     9 |    11 |    12 |    19 ||    51
       Royal jelly       |       |     1 |       |     4 |       ||     5
       Fruit             |       |     2 |       |       |       ||     2
Armor: Leather armour    |    47 |    58 |   110 |   144 |   106 ||   465
Dodge: Dodged            |    64 |   178 |   329 |   805 |   795 ||  2171
       Rpst.: Falchion   |       |       |     6 |       |       ||     6

Table legend:
 A = Spawn XP
 B = Non-spawn XP
 C = Spawn XP percentage of total XP
 D = Spawn monster count
 E = Non-spawn monster count
 F = Spawn count percentage of total count
 G = Total turns spent on level
                    A         B        C        D         E        F      G
               +---------+---------+-------+---------+---------+-------+---------
         Total |       0 |   91332 |   0.0 |       0 |     610 |   0.0 | 20160
               +---------+---------+-------+---------+---------+-------+---------
           D:1 |       0 |      49 |   0.0 |       0 |      24 |   0.0 |   767
           D:2 |       0 |      55 |   0.0 |       0 |      25 |   0.0 |   888
           D:3 |       0 |     203 |   0.0 |       0 |      28 |   0.0 |  1732
           D:4 |       0 |     317 |   0.0 |       0 |      20 |   0.0 |  1009
           D:5 |       0 |     811 |   0.0 |       0 |      31 |   0.0 |  1504
           D:6 |       0 |    1317 |   0.0 |       0 |      25 |   0.0 |  1292
           D:7 |       0 |    1863 |   0.0 |       0 |      19 |   0.0 |   568
           D:8 |       0 |    2791 |   0.0 |       0 |      19 |   0.0 |  1227
           D:9 |       0 |    2607 |   0.0 |       0 |      32 |   0.0 |   594
          D:10 |       0 |    7520 |   0.0 |       0 |      51 |   0.0 |  1205
          D:11 |       0 |     795 |   0.0 |       0 |       5 |   0.0 |    80
        Lair:1 |       0 |    5828 |   0.0 |       0 |      28 |   0.0 |  1333
        Lair:2 |       0 |    4194 |   0.0 |       0 |      20 |   0.0 |   809
        Lair:3 |       0 |    2815 |   0.0 |       0 |      15 |   0.0 |   838
        Lair:4 |       0 |   11199 |   0.0 |       0 |      42 |   0.0 |  1040
        Lair:5 |       0 |    8290 |   0.0 |       0 |      34 |   0.0 |   941
        Lair:6 |       0 |   20074 |   0.0 |       0 |      52 |   0.0 |  1318
         Orc:1 |       0 |    6477 |   0.0 |       0 |      49 |   0.0 |   930
         Orc:2 |       0 |    3522 |   0.0 |       0 |      54 |   0.0 |   533
           Lab |       0 |    1131 |   0.0 |       0 |       1 |   0.0 |   389
         IceCv |       0 |    9474 |   0.0 |       0 |      36 |   0.0 |   944
               +---------+---------+-------+---------+---------+-------+---------
